 Dungeon Crawl Stone Soup version 0.23.2-1-ga50397a (webtiles) character file.

Game seed: 3238440226337969082

102 Kairos the Ruffian (level 4, 0/40 HPs)
             Began as a Ghoul Monk on Apr 24, 2019.
             Slain by Sigmund
             ... wielding a +0 scythe
              (7 damage)
             ... on level 2 of the Dungeon.
             The game lasted 00:04:23 (1435 turns).

Kairos the Ruffian (Ghoul Monk)                     Turns: 1435, Time: 00:04:24

Health: 0/40       AC:  7    Str: 15    XL:     4   Next: 77%
Magic:  3/3        EV:  6    Int:  5    God:
Gold:   42         SH:  3    Dex: 11    Spells: 3/3 levels left

rFire    . . .     SeeInvis .     - Unarmed
rCold    + . .     Gourm    .   d - +0 buckler
rNeg     + + +     Faith    .   k - +0 chain mail (curse)
rPois    ∞         Spirit   .   (no helmet)
rElec    .         Reflect  .   (no cloak)
rCorr    .         Harm     .   i - -2 pair of gloves (curse)
MR       .....                  (no boots)
Stlth    ..........             (no amulet)
HPRegen  0.00/turn              (no ring)
MPRegen  0.08/turn              (no ring)

@: rotting
A: rotting body, claws 1, carnivore, cold resistance 1, negative energy
resistance 3, inhibited regeneration, torment resistance, unbreathing
a: no special abilities


You were on level 2 of the Dungeon.
You were not hungry.

You visited 1 branch of the dungeon, and saw 2 of its levels.

You collected 42 gold pieces.

Inventory:

Armour
 a - a +0 robe
 d - a +0 buckler (worn)
 i - a cursed -2 pair of gloves (worn)
 k - a cursed +0 chain mail (worn)
Magical Staves
 l - an uncursed staff of energy {unknown}
Scrolls
 e - 2 scrolls of fog
Potions
 c - a potion of might {unknown}
 f - a potion of haste {unknown}
 g - 3 potions of lignification {unknown}
 j - a potion of berserk rage {unknown}
 m - a potion of resistance {unknown}
Comestibles
 b - 8 rations
 h - 5 chunks of flesh


   Skills:
 + Level 3.7 Fighting
 + Level 1.1 Armour
 + Level 3.0 Dodging
 + Level 2.4 Stealth
 + Level 0.3 Shields
 + Level 4.7 Unarmed Combat


You had 3 spell levels left.
You didn't know any spells.
Your spell library was empty.

Dungeon Overview and Level Annotations

Branches:
Dungeon (2/15)

Altars:
Makhleb
Ru

Annotations:
D:2 Sigmund


Innate Abilities, Weirdness & Mutations

Your body is rotting away.
You thrive on raw meat.
You are immune to poison.
You have sharp fingernails.
You are carnivorous and can eat meat at any time.
Your flesh is cold resistant. (rC+)
You are immune to negative energy. (rN+++)
You do not regenerate when monsters are visible.
You are immune to unholy pain and torment.
You can survive without breathing.


Message History

Sigmund mumbles some strange words.
Sigmund flickers and vanishes!
Deactivating autopickup; reactivate with Ctrl-A.
No target in view!
No target in view!
No target in view!
No target in view!
No target in view!
You closely miss something. Something hits you.
You barely miss something. You completely miss something. Something hits you!
You closely miss something. Something hits you!
* * * LOW HITPOINT WARNING * * *
You hit something. You block something's attack.
A puff of flame appears from out of thin air!
The puff of flame hits you.
* * * LOW HITPOINT WARNING * * *
Something hits you!
You die...

......### ###.....#
###@###.########## ....#
#....).....#
.#..###.#####.##.#
........#####.##.#
............#.##.##
.#................###
....#.####.<#..#@...#
.#.##.#
#.)#..##.#.##########
#.....
.......##............#
###..##.#....########.####
#..# .#.#..# #..##.#
#..##.#.#..# #....#. ....
...#.)# #..#### ###.
#.....# #### # ##
#.#.##...


There were no monsters in sight!

Vanquished Creatures
  Robin (D:2)
  3 gnolls (D:2)
  2 oozes
  3 dart slugs
  6 bats
  3 giant cockroaches (D:2)
  11 goblins
  5 hobgoblins
  6 kobolds
  A frilled lizard (D:2)
  5 rats
46 creatures vanquished.

Notes
Turn   | Place    | Note
-------+----------+-------------------------------------------
     0 | D:1      | Kairos the Ghoul Monk began the quest for the Orb.
     0 | D:1      | Reached XP level 1. HP: 19/19 MP: 0/0
     0 | D:1      | Noticed a tentacled monstrosity
     0 | D:1      | Noticed a tentacled monstrosity
     3 | D:1      | Noticed a large abomination
     3 | D:1      | Noticed an orb of fire
     5 | D:1      | Noticed a shadow dragon
     7 | D:1      | Noticed an iron dragon
     8 | D:1      | Noticed an orb of fire
    10 | D:1      | Noticed a tentacled monstrosity
    12 | D:1      | Noticed a shadow dragon
    12 | D:1      | Noticed a tentacled monstrosity
    14 | D:1      | Noticed a large abomination
    16 | D:1      | Noticed an orb of fire
    16 | D:1      | Noticed an ice dragon
    16 | D:1      | Noticed an iron dragon
    18 | D:1      | Noticed a tentacled monstrosity
    20 | D:1      | Noticed a purple draconian
    60 | D:1      | Reached XP level 2. HP: 15/26 MP: 1/1
   405 | D:1      | Reached XP level 3. HP: 25/31 MP: 2/2
   542 | D:2      | Found a burning altar of Makhleb.
   594 | D:2      | Found a sacrificial altar of Ru.
   634 | D:2      | Noticed Robin
   639 | D:2      | Reached skill level 4 in Unarmed Combat
   650 | D:2      | Noticed Sigmund
   658 | D:2      | Killed Robin
   841 | D:2      | Reached XP level 4. HP: 40/40 MP: 3/3
   986 | D:2      | Reached skill level 1 in Armour
  1392 | D:2      | Found a faded altar of an unknown god.
  1435 | D:2      | Slain by Sigmund

Skill      XL: |  1  2  3  4 |
---------------+-------------+-----
Dodging        | 3 |  3.0
Unarmed Combat | 4 |  4.7
Armour         | 1 |  1.1
Fighting       | |  3.7
Stealth        | |  2.4
Shields        | |  0.3

Action                   |  1- 3 |  4- 6 || total
-------------------------+-------+-------++-------
Melee: Unarmed           |    98 |    68 ||   166
  Use: Scroll            |     3 |     1 ||     4
 Stab: Sleeping          |     1 |       ||     1
  Eat: Chunk             |     7 |     8 ||    15
Armor: Chain mail        |    46 |    29 ||    75
       Robe              |     2 |       ||     2
Dodge: Dodged            |    52 |    22 ||    74
Block: Buckler           |    13 |    12 ||    25
